AoeStats
← Supershrimp

Arabia

510125679Analyzed
1v1 RM · 23h ago on Sep 29, 2026· 23m 31s· 2 players
Game mode
Random Map
Map size
Tiny (2 player)
Population
200
Speed
Normal
Resources
Standard
Victory
Conquest
Starting age
Dark Age
Ending age
Imperial Age
RankedLock teamsTeams togetherTeam positionsShared explorationLock speedFull tech treeHidden civsTurbo modeCheats
Victory
Defeat
🇭🇰 Byzantines · Hong Kong SAR China
1070
+16
🇲🇽 Magyars · Mexico
1065
-16
lequiteminombre
6:46 Loom
9:15 Feudal Age
10:36 Wheelbarrow
9:48 Double-Bit Axe
18:01 Castle Age
17:14 Fletching
18:53 Bow Saw
22:18 Horse Collar
Supershrimp
7:37 Loom
9:39 Feudal Age
10:20 Double-Bit Axe
11:32 Horse Collar
19:54 Castle Age
19:07 Gold Mining
20:00 Crossbowman
20:32 Fletching
21:37 Bow Saw
22:04 Wheelbarrow
21:58 Husbandry
22:54 Bodkin Arrow
Connection lost

Rejoining the realm…

Still unreachable

The connection could not be restored.

Session expired

The server has moved on; the page needs a fresh start.